 Dungeon Crawl Stone Soup version 0.31-a0-986-g5e6e4ef867 (webtiles) character file.

Game seed: 6502894366093663518

2969 IdlyInterested the Trooper (level 9, 0/72 HPs)
             Began as a Demonspawn Gladiator on Nov 7, 2023.
             Killed from afar by Erica (19 damage)
             ... with a lance of force
             ... on level 8 of the Dungeon.
             The game lasted 00:21:47 (5501 turns).

IdlyInterested the Trooper (Demonspawn Gladiator)   Turns: 5501, Time: 00:21:48

Health: 0/72       AC: 19    Str: 30    XL:     9   Next: 52%
Magic:  9/9        EV: 11    Int: 10    God:
Gold:   214        SH:  0    Dex: 15    Spells: 8/8 levels left

rFire   + + .        H - +2 flail (protect)
rCold   + . .        (no shield)
rNeg    . . .        a - +1 scale mail {rF+}
rPois   .            c - +0 helmet
rElec   .            R - scarf {rC+ rF+}
rCorr   .            t - +0 pair of gloves
SInv    .            l - +0 pair of boots
Will    .....        (no amulet) Stlth
                     n - +6 ring of strength
HPRegen 0.32/turn    Q - +6 ring of strength
MPRegen 0.11/turn

%: no passive effects
@: confused, under a protective aura
A: demonic guardian 3, ignite blood 1, weakness stinger 2
a: no special abilities


You were on level 8 of the Dungeon.
You visited 2 branches of the dungeon, and saw 9 of its levels.

You collected 576 gold pieces.
You spent 362 gold pieces at shops.

Inventory:

Hand Weapons
 r - a +0 morningstar
 H - a +2 flail of protection (weapon)
 K - a +1 vampiric whip
Missiles
 d - 3 throwing nets
 e - 3 javelins
 m - 46 stones (quivered)
 A - 8 boomerangs
 B - 11 poisoned darts
Armour
 a - a +1 scale mail of fire resistance (worn)
 c - a +0 helmet (worn)
 l - a +0 pair of boots (worn)
 t - a +0 pair of gloves (worn)
 u - a +0 hat
 R - a scarf of resistance (worn)
Jewellery
 n - a +6 ring of strength (left hand)
 w - a ring of resist corrosion
 C - an amulet of faith
 E - a +4 ring of protection
 P - the ring "Giuck" {rF+ rN+}
   (You bought it in a shop on level 5 of the Dungeon)

   [ring of protection from fire]

   rF+:       It protects you from fire.
   rN+:       It protects you from negative energy.
 Q - a +6 ring of strength (right hand)
Wands
 v - a wand of light (21)
 D - a wand of flame (16)
 F - a wand of paralysis (9)
 N - a wand of mindburst (7)
Scrolls
 b - 3 scrolls of blinking
 g - a scroll of butterflies
 h - a scroll of enchant weapon
 j - a scroll of poison
 q - 3 scrolls of immolation
 x - 2 scrolls of vulnerability
 y - a scroll of revelation {unknown}
 z - 2 scrolls of teleportation
 G - a scroll of amnesia {unknown}
 I - a scroll of enchant armour {unknown}
 J - a scroll of torment
Potions
 f - a potion of lignification
 i - a potion of haste {unknown}
 k - 3 potions of curing
 s - a potion of enlightenment {unknown}
 L - a potion of invisibility
 M - a potion of ambrosia {unknown}
 O - a potion of might {unknown}
 S - a potion of cancellation {unknown}


   Skills:
 + Level 7.1 Fighting
 - Level 7.0 Maces & Flails
 - Level 2.0 Throwing
 - Level 6.0 Armour
 - Level 3.0 Dodging
 + Level 5.3 Stealth
 - Level 1.0 Shields
 - Level 1.0 Evocations


You had 8 spell levels left.
You didn't know any spells.
Your spell library contained the following spells:

 Spells                   Type           Power      Damage    Failure   Level
 Slow                     Hex            0%         N/A       58%         1
 Confusing Touch          Hex            0%         N/A       91%         3
 Sigil of Binding         Hex            0%         N/A       91%         3
 Stone Arrow              Conj/Erth      0%         3d7       91%         3
 Vampiric Draining        Necr           0%         2d6       91%         3
 Animate Armour           Summ/Erth      0%         N/A       100%        4
 Lehudib's Crystal Spear  Conj/Erth      0%         10d2      100%        8


Dungeon Overview and Level Annotations

Branches:
Dungeon (8/15)             Temple (1/1) D:7
   Lair: D:8-11

Altars:
Ashenzari
Cheibriados
Dithmenos
Fedhas
Gozag
Hepliaklqana
Makhleb
Nemelex Xobeh
Okawaru
Qazlal
Ru
Sif Muna
Trog
Uskayaw
Vehumet
Wu Jian
Xom
Yredelemnul

Shops:
D:5 (=[([   D:8 *

Annotations:
D:7 1 runed translucent door
D:8 Erica


Innate Abilities, Weirdness & Mutations

A powerful demonic guardian rushes to your aid.
Your demonic aura sometimes causes spilled blood to erupt in flames.
You have a tail ending in a sharp stinger.


Message History

Erica is moderately wounded.
The gnoll barely misses you. The gnoll hits you but does no damage.
Erica hits you with a +3 scimitar of flaming!
Erica burns you.
You sock Erica!
Erica is heavily wounded.
An orc warrior comes into view. It is wielding a +0 halberd.
The gnoll hits you from afar with a +0 halberd.
The gnoll hits you but does no damage. Erica hits you but does no damage.
You sock Erica!
Erica is severely wounded.
The gnoll is engulfed in blazing flames.
The gnoll hits you from afar with a +0 halberd.
Erica says, "I love to fight, but killing is better."
Erica casts a spell at you.
You are confused.
You bump into the rock wall.
The gnoll barely misses you.
Erica hits you with a +3 scimitar of flaming.
The gnoll is engulfed in blazing flames.
You kill the gnoll!
You bump into the granite statue.
The gnoll closely misses you. x2
Erica hits you with a +3 scimitar of flaming!
A demonic guardian appears!
Erica burns you.
You hit Erica.
Erica is severely wounded.
The gnoll closely misses you. The gnoll hits you with a +0 club.
* * * LOW HITPOINT WARNING * * *
Erica hits you but does no damage.
Your smoke demon hits the gnoll. x2
Your smoke demon hits the gnoll but does no damage.
Unknown command.
You miss the gnoll. You tail-slap the gnoll.
You kill the gnoll!
An orc comes into view. It is wielding a +0 dagger.
The gnoll hits you with a +0 flail.
* * * LOW HITPOINT WARNING * * *
Erica screams, "You'll never get it!"
Erica casts a spell at you. The lance of force hits you!!
You die...
Erica begins laughing uncontrollably.

#.# #.# #.#.#.# .#
#.#.#.# .# ########.#
..## .#
#........###..##.#####
##.#......!.8.8.....o.
#.#.######..∩.o)g...
#.#.# ##838g@### #.#.#
##.)@## #.#.# #####
#.#.# #.#.# #.#.# #.#
#.# #....# #.####


You could see Erica, an orc warrior, 2 gnolls, an orc and a friendly smoke demon
(summoned).

Vanquished Creatures
  2 steam dragons (D:7)
  A vampire mosquito (D:7)
  Duvessa (D:7)
  A water moccasin (D:7)
  An ice beast (D:7)
  A black bear (D:7)
  4 sky beasts (D:7)
  An ogre (D:6)
  A phantom (D:7)
  2 bullfrogs
  8 scorpions
  Dowan (D:7)
  A killer bee (D:7)
  2 howler monkeys (D:5)
  4 crimson imps (D:7)
  A jelly (D:6)
  An orc priest (D:7)
  A hound (D:7)
  7 iguanas
  A sleepcap (D:7)
  3 orc wizards
  A mummy (D:5)
  2 gnolls (D:8)
  4 adders
  A white imp (D:6)
  2 ufetubi (D:7)
  2 dart slugs
  12 orcs
  5 ball pythons
  3 endoplasms
  6 giant cockroaches
  3 goblins
  5 hobgoblins
  6 jackals
  6 kobolds
  2 quokkas
  A bat (D:1)
  2 frilled lizards
  3 rats (D:2)
  A butterfly (D:7)
112 creatures vanquished.

Vanquished Creatures (collateral kills)
  A water moccasin (D:5)
  An ogre (D:5)
  An orc wizard (D:5)
  2 orcs (D:5)
  2 hobgoblins
  A ball python (D:2)
  2 goblins
10 creatures vanquished.

Vanquished Creatures (others)
  A sky beast (D:7)
1 creature vanquished.

Grand Total: 123 creatures vanquished

Notes
Turn   | Place    | Note
-------+----------+-------------------------------------------
     0 | D:1      | IdlyInterested the Demonspawn Gladiator began the quest for
                  | the Orb.
     0 | D:1      | Reached XP level 1. HP: 16/16 MP: 1/1
    53 | D:1      | Found a faded altar of an unknown god.
   173 | D:1      | Gained mutation: A weak demonic guardian rushes to your
                  | aid. [demonic ancestry]
   173 | D:1      | Reached XP level 2. HP: 22/23 MP: 2/2
   653 | D:2      | Gained mutation: A demonic guardian rushes to your aid.
                  | [demonic ancestry]
   653 | D:2      | Reached XP level 3. HP: 25/29 MP: 3/3
  1799 | D:4      | Reached skill level 1 in Armour
  1799 | D:4      | Reached XP level 4. HP: 35/37 MP: 4/4
  1807 | D:4      | Reached skill level 1 in Stealth
  2154 | D:4      | Gained mutation: You have a small tail. [demonic ancestry]
  2154 | D:4      | Reached XP level 5. HP: 32/42 MP: 5/5
  2210 | D:4      | Reached skill level 1 in Evocations
  2419 | D:4      | Found a broken altar of Ashenzari.
  2426 | D:4      | Reached skill level 1 in Shields
  2666 | D:5      | Identified the "Unuter"
  2666 | D:5      | Entered Level 5 of the Dungeon
  2666 | D:5      | Found a snail-covered altar of Cheibriados.
  2687 | D:5      | Gained mutation: A powerful demonic guardian rushes to your
                  | aid. [demonic ancestry]
  2687 | D:5      | Reached XP level 6. HP: 44/48 MP: 6/6
  2691 | D:5      | Noticed a water moccasin
  2704 | D:5      | Killed a water moccasin
  2705 | D:5      | Reached skill level 5 in Fighting
  2705 | D:5      | Gained mutation: You have a tail ending in a sharp stinger.
                  | [demonic ancestry]
  2705 | D:5      | Reached XP level 7. HP: 17/56 MP: 7/7
  2859 | D:5      | Found Weicyem's Weapon Boutique.
  2886 | D:5      | Found a bloodstained altar of Trog.
  2920 | D:5      | Found Peakhasch's Antique Weapon Shoppe.
  2932 | D:5      | Found Fylaypou's Armour Emporium.
  2993 | D:5      | Found Uxkixt's Antique Armour Shop.
  2993 | D:5      | Found Futock's Jewellery Boutique.
  3557 | D:6      | Reached skill level 5 in Maces & Flails
  4190 | D:5      | Bought the ring "Giuck" {rF+ rN+} for 362 gold pieces
  4513 | D:7      | Found a staircase to the Ecumenical Temple.
  4527 | D:7      | Gained mutation: Your demonic aura sometimes causes spilled
                  | blood to erupt in flames. [demonic ancestry]
  4527 | D:7      | Reached XP level 8. HP: 58/64 MP: 8/8
  4548 | Temple   | Entered the Ecumenical Temple
  4593 | D:7      | Found a runed translucent door.
  4595 | D:7      | Found a runed translucent door.
  4716 | D:7      | Reached skill level 5 in Stealth
  4860 | D:7      | Found an iron altar of Okawaru.
  4873 | D:7      | Found a shimmering altar of Xom.
  4889 | D:7      | Noticed Duvessa
  4891 | D:7      | Noticed Dowan
  4897 | D:7      | Reached XP level 9. HP: 71/71 MP: 9/9
  4904 | D:7      | Killed Duvessa
  4905 | D:7      | Reached skill level 5 in Armour
  4910 | D:7      | Killed Dowan
  5214 | D:7      | Found a sacrificial altar of Ru.
  5217 | D:7      | Found a basalt altar of Yredelemnul.
  5482 | D:8      | Found Sumyceij's General Store.
  5485 | D:8      | Noticed Erica
  5501 | D:8      | Killed from afar by Erica

Illustrated notes

Levels and vault maps discovered:
D:1:      dpeg_arrival_renting, layout_rooms,
          hellmonk_ecumenical_altar_pennies_from_heaven
D:2:      layout_rooms
D:3:      layout_loops_ring
D:4:      layout_rooms, lemuel_tele_altar
D:5:      layout_basic, slow_altar_1, trog_book, serial_shops,
          nicolae_shop_tiny_waterfront, nicolae_shop_waterfront, shop, shop,
          shop, patterned_corridor
D:6:      layout_loops_ring, nrook_mini_vaults
D:7:      lemuel_insect_pit, layout_loops_ring, led_xom_imps,
          okawaru_metal_pillars_1_2, minitemple,
          minmay_temple_entry_statues_fountains, kennysheep_small_spiral,
          hangedman_misty_isle, uniq_duvessa
D:8:      layout_basic, mainiacjoe_overflow_concentric_impassable,
          lemuel_zombie_altar_kikubaaqudgha, serial_shops,
          nicolae_stop_n_shop_1, nicolae_shop_crystal,
          nicolae_shop_tiny_statue_garden, nicolae_shop_bloodbath_and_beyond,
          hangedman_feature_mirror, chequers_mini_garden, uniq_erica
Temple:   chequers_temple_sunken

Skill      XL: |  1  2  3  4  5  6  7  8  9 |
---------------+----------------------------+-----
Fighting       | 3 4 5 6 7 |  7.1
Throwing       | 2 |  2.0
Maces & Flails | 3 4 5 6 7 |  7.0
Dodging        | 3 |  3.0
Armour         | 1 2 3 4 6 |  6.0
Stealth        | 1 2 3 4 5 |  5.3
Evocations     | 1 |  1.0
Shields        | 1 |  1.0

Action                     |  1- 3 |  4- 6 |  7- 9 || total
---------------------------+-------+-------+-------++-------
  Melee: Flail             |   119 |    82 |   224 ||   425
         Punch             |     1 |       |     4 ||     5
         Tailslap          |       |    12 |    33 ||    45
  Throw: Stone             |       |       |    23 ||    23
         Dart              |       |       |     1 ||     1
  Evoke: Wand              |       |     3 |       ||     3
    Use: Potion            |     1 |       |     2 ||     3
         Scroll            |       |     1 |     8 ||     9
   Stab: Sleeping          |       |       |     1 ||     1
 Armour: Leather armour    |    64 |    57 |   117 ||   238
         Skin              |       |       |     1 ||     1
         Scale mail        |       |       |    54 ||    54
  Dodge: Dodged            |    94 |    57 |   165 ||   316

Table legend: (Time is in decaauts)
 A = Elapsed time spent in this place.
 B = Non-inter-level travel time spent in this place.
 C = Inter-level travel time spent in this place.
 D = Time resting spent in this place.
 E = Time spent auto-exploring this place.
 F = Levels seen in this place.
 G = Mean time per level.
                   A        B        C        D        E       F      G
               +--------+--------+--------+--------+--------+-----+--------+
         Total |   5579 |   5197 |    382 |    371 |   3250 |   9 |  619.9 |
       Dungeon |   5577 |   5195 |    382 |    371 |   3250 |   8 |  697.1 |
        Temple |      1 |      1 |      0 |      0 |      0 |   1 |    1.0 |
               +--------+--------+--------+--------+--------+-----+--------+

Top non-repeatable levels by time:
     D:7: 1239 daAuts
     D:4: 827 daAuts
     D:5: 825 daAuts
     D:6: 760 daAuts
     D:3: 741 daAuts
     D:1: 667 daAuts
     D:2: 481 daAuts
     D:8: 36 daAuts
  Temple: 1 daAuts
